 Dungeon Crawl Stone Soup version 0.20.1-1-g8b1a95d (webtiles) character file.

222 Iko the Cutter (level 5, -20/47 HPs)
             Began as a Minotaur Chaos Knight on Apr 30, 2018.
             Killed from afar by a bullfrog (31 damage)
             ... with an exploding inner flame
             ... hexed by the player character
             ... on level 6 of the Dungeon.
             The game lasted 00:11:57 (774 turns).

Iko the Cutter (Minotaur Chaos Knight)               Turns: 774, Time: 00:12:02

Health: -20/47     AC:  9    Str: 17    XL:     5   Next: 66%
Magic:  4/4        EV:  7    Int: 11    God:    Xom [.*....]
Gold:   62         SH:  0    Dex: 10    Spells: 4/4 levels left

rFire    . . .     SeeInvis +   a - +1 short sword (chaos)
rCold    . . .     Gourm    +   (no shield)
rNeg     . . .     Faith    .   o - +0 chain mail
rPois    .         Spirit   .   (helmet unavailable)
rElec    .         Reflect  .   (no cloak)
rCorr    .         Harm     .   (no gloves)
MR       .....                  (no boots)
Stlth    ..........             h - amulet of the gourmand
Regen    0.2/turn               (no ring)
MPRegen  0.1/turn               (no ring)

@: no status effects
A: retaliatory headbutt, horns 3, see invisible, clever 1, high mp 1
a: Renounce Religion


You were on level 6 of the Dungeon.
You worshipped Xom.
You were a plaything of Xom.
You were not hungry.

You visited 1 branch of the dungeon, and saw 6 of its levels.

You collected 62 gold pieces.

Inventory:

Hand Weapons
 a - a +1 short sword of chaos (weapon)
Armour
 o - a +0 chain mail (worn)
Jewellery
 h - an amulet of the gourmand (around neck)
Scrolls
 l - a scroll of recharging {unknown}
Potions
 b - a potion of haste {unknown}
 e - a potion of curing {unknown}
 g - a potion of heal wounds {unknown}
 m - 3 potions of cancellation {unknown}
Comestibles
 c - 4 bread rations
 d - 2 fruits
 f - 2 royal jellies


   Skills:
 + Level 4.9 Fighting
 + Level 5.4 Short Blades
 + Level 3.4 Armour
 + Level 2.3 Dodging
 + Level 0.1 Stealth


You had 4 spell levels left.
You didn't know any spells.

Dungeon Overview and Level Annotations

Branches:
Dungeon (6/15)
 Temple: D:4-7

Altars:

Annotations:
D:3 Terence


Innate Abilities, Weirdness & Mutations

You reflexively headbutt those who attack you in melee.
You have a pair of large horns on your head.
You have supernaturally acute eyesight. (SInv)
Your mind is acute. (Int +2)
You have an increased reservoir of magic. (+10% MP)


Message History

As you read the scroll labeled DUATEV LIWO, it crumbles to dust.
The creatures around you are filled with an inner flame!
It was a scroll of immolation.
The bullfrog hits you but does no damage.
The bullfrog hits you.
You hit the bullfrog.
The wind howls around the bullfrog!
You headbutt the bullfrog.
The bullfrog is severely wounded.
The bullfrog hits you but does no damage.
You hit the bullfrog. You freeze the bullfrog.
The bullfrog is almost dead.
The bullfrog hits you.
* * * LOW HITPOINT WARNING * * *
You hit the bullfrog.
The bullfrog seems to speed up.
You headbutt the bullfrog.
The bullfrog explodes!
The fiery explosion engulfs you!
Ouch! That really hurt!
You die...
Xom giggles madly!

. .. ... ...8
.....
......########
#..<.....##
########§.###
.....§§@...#
############


There were no monsters in sight!

Vanquished Creatures
  Edmund (D:4)
  A crimson imp (D:3)
  An orc wizard (D:3)
  A hound skeleton (D:4)
  The ghost of Iko the Grasshopper, a weakling FeWr (D:4)
  3 orcs (D:3)
  4 giant cockroaches
  2 goblins (D:1)
  2 jackals (D:1)
  2 kobolds (D:1)
  2 quokkas
  A ball python (D:3)
  4 bats
  A rat (D:1)
26 creatures vanquished.

Notes
Turn   | Place    | Note
-------+----------+-------------------------------------------
     0 | D:1      | Iko the Minotaur Chaos Knight began the quest for the Orb.
     0 | D:1      | Reached XP level 1. HP: 19/19 MP: 0/0
   204 | D:1      | Reached XP level 2. HP: 27/27 MP: 1/1
   282 | D:3      | Noticed Terence
   301 | D:3      | XOM: smoke on damage
   341 | D:3      | XOM: mild Tmut miscast
   358 | D:3      | Noticed a crimson imp
   379 | D:3      | Gained mutation: Your mind is acute. (Int +2) [potion of mutation]
   379 | D:3      | Gained mutation: You have supernaturally acute eyesight. (SInv) [potion of mutation]
   379 | D:3      | Gained mutation: You have a pair of large horns on your head. [potion of mutation]
   379 | D:3      | Gained mutation: You have an increased reservoir of magic. (+10% MP) [potion of mutation]
   395 | D:3      | HP: 2/40 [crimson imp (1)]
   396 | D:3      | Reached skill level 4 in Short Blades
   396 | D:3      | Reached XP level 3. HP: 3/33 MP: 2/2
   425 | D:3      | Reached XP level 4. HP: 6/41 MP: 3/3
   632 | D:4      | Noticed Iko's ghost (weakling FeWr)
   633 | D:4      | XOM: smoke on damage
   643 | D:4      | Killed Iko's ghost
   671 | D:4      | Noticed Edmund
   674 | D:4      | XOM: potion effect (brilliance)
   679 | D:4      | XOM: potion effect (invisibility)
   683 | D:4      | XOM: noise
   685 | D:4      | Killed Edmund
   685 | D:4      | Reached skill level 5 in Short Blades
   685 | D:4      | Reached XP level 5. HP: 21/47 MP: 4/4
   721 | D:5      | Entered Level 5 of the Dungeon
   774 | D:6      | Killed from afar by a bullfrog

Skill      XL: |  1  2  3  4 |
---------------+-------------+-----
Fighting       | 4 |  4.9
Short Blades   | 4 5 |  5.4
Armour         | 3 |  3.4
Dodging        | 2 |  2.3
Stealth        | |  0.1

Action                   |  1- 3 |  4- 6 || total
-------------------------+-------+-------++-------
Melee: Short sword       |    71 |    36 ||   107
       Headbutt          |     6 |     9 ||    15
       Falchion          |       |     1 ||     1
  Use: Scroll            |     3 |     2 ||     5
       Potion            |     2 |       ||     2
 Stab: Confused          |     1 |       ||     1
Armor: Leather armour    |    22 |    11 ||    33
       Skin              |    34 |       ||    34
       Chain mail        |       |     3 ||     3
Dodge: Dodged            |    38 |    26 ||    64
